 Dungeon Crawl Stone Soup version 0.19.0-24-gb05acd6 (webtiles) character file.

107 Rrauwl the Slasher (level 4, -9/57 HPs)
             Began as a Draconian Abyssal Knight on Nov 21, 2016.
             Was a Believer of Lugonu.
             Mangled by a gnoll
             ... wielding a +0 halberd
              (12 damage)
             ... on level 2 of the Dungeon.
             The game lasted 00:10:36 (1594 turns).

Rrauwl the Slasher (Draconian Abyssal Knight)       Turns: 1594, Time: 00:10:36

Health: -9/57      AC:  8    Str: 21    XL:     4   Next: 57%
Magic:  5/5        EV:  6    Int: 14    God:    Lugonu [**....]
Gold:   90         SH:  0    Dex: 10    Spells: 0 memorised, 3 levels left

rFire  . . .     SeeInvis .     a - +1 falchion
rCold  . . .     Gourm    .     (armour unavailable)
rNeg   . . .     Faith    .     (no shield)
rPois  .         Spirit   .     (helmet restricted)
rElec  +         Reflect  .     h - +2 cloak
rCorr  .         Harm     .     (no gloves)
MR     .....                    (no boots)
Stlth  ..........               j - amulet of rage
                                (no ring)
                                (no ring)

@: berserking, held, very quick
A: unfitting armour, electricity resistance, strong 1, cold-blooded, MP-powered
wands, AC +5
a: Depart the Abyss, Bend Space, Renounce Religion, Evoke Berserk Rage


You were on level 2 of the Dungeon.
You worshipped Lugonu.
Lugonu was pleased with you.
You were very hungry.

You visited 1 branch of the dungeon, and saw 2 of its levels.
You visited the Abyss 1 time.

You collected 90 gold pieces.

Inventory:

Hand Weapons
 a - a +1 falchion (weapon)
 d - a +0 hunting sling
Missiles
 i - 27 arrows
Armour
 h - a +2 cloak (worn)
Jewellery
 j - an amulet of rage (around neck)
Scrolls
 e - 3 scrolls of identify
Comestibles
 b - a bread ration
 c - a meat ration
 f - 4 chunks of flesh
 g - 3 fruits


   Skills:
 - Level 3.2 Fighting
 + Level 4.8 Long Blades
 - Level 2.1 Dodging
 - Level 2.1 Invocations


You had 3 spell levels left.
You didn't know any spells.

Dungeon Overview and Level Annotations

Branches:
Dungeon (2/15)

Altars:
Xom


Innate Abilities, Weirdness & Mutations

Your plain brown scales are hard. (AC +5)
You cannot fit into any form of body armour.
You are cold-blooded and may be slowed by cold attacks.
You are resistant to electric shocks. (rElec)
Your muscles are strong. (Str +2)
You expend magic power (3 MP) to strengthen your wands.


Message History

You hit the gnoll.
You kill the gnoll!
Lugonu accepts your kill. The gnoll hits you but does no damage.
The gnoll throws a throwing net.
The throwing net hits you.
You become entangled in the net!
You struggle against the net.
The gnoll hits you with a flail!
* * * LOW HITPOINT WARNING * * *
You struggle against the net.
The gnoll hits you with a flail.
* * * LOW HITPOINT WARNING * * *
The gnoll barely misses you. Something hits you but does no damage.
You aren't carrying any potions.
A red film seems to cover your vision as you go berserk!
You feel yourself moving faster!
You feel mighty!
You are feeling very hungry.
The gnoll hits you with a flail.
* * * LOW HITPOINT WARNING * * *
You struggle against the net.
You feel a strong urge to attack something.
The gnoll barely misses you. Something hits you!
You die...

#..# #.#*#..# *...*#.........
###.######.#*...# *..,*#...#....#
.<......##.#*...#*#..**########.#
........##.##..#**..,#* #.....#..
........##.#..#*##$#,.#*#.....##.
........##.#..# #..**..*#.....###
........##....# #{#**#.*#.....###
.....)......#####g# #.,,,*##)...
........###.# #.@g# #.****#..###
........##..# #.### #.## #.## #
........##..###.# #.<## #.# #
........##......######...###.# #
.............................# #
#.########.###..######.#.##### #
..# ###...# ##.## #.#..# # .##
#...### #..#####.##.# # .# #.###
#......#.#*.#######


You could see 2 gnolls.

Vanquished Creatures
  4 adders (D:2)
  A gnoll (D:2)
  3 worms (D:2)
  3 dart slugs
  2 giant cockroaches (D:2)
  7 goblins
  6 hobgoblins
  4 jackals (D:1)
  2 quokkas (D:2)
  6 bats
  2 frilled lizards (D:1)
  2 kobolds
  8 rats
50 creatures vanquished.

Notes
Turn   | Place    | Note
-------+----------+-------------------------------------------
     0 | Abyss:1  | Rrauwl the Draconian Abyssal Knight began the quest for the Orb.
     0 | Abyss:1  | Reached XP level 1. HP: 19/19 MP: 2/2
     9 | Abyss:1  | Found a shimmering altar of Xom.
    13 | Abyss:1  | Found a shimmering altar of Xom.
    14 | Abyss:1  | Found a shimmering altar of Xom.
    15 | Abyss:1  | Found a shimmering altar of Xom.
    96 | Abyss:1  | Noticed a ynoxinul
   104 | D:1      | Escaped the Abyss
   146 | D:1      | Reached XP level 2. HP: 12/26 MP: 3/3
   216 | D:1      | Reached skill level 3 in Long Blades
   668 | D:1      | Found a shimmering altar of Xom.
   708 | D:1      | Reached ** piety under Lugonu
   762 | D:1      | Reached XP level 3. HP: 28/31 MP: 4/4
   925 | D:2      | Reached skill level 4 in Long Blades
   938 | D:2      | Gained mutation: You expend magic power (3 MP) to strengthen your wands. [potion of mutation]
   938 | D:2      | Gained mutation: You are resistant to electric shocks. (rElec) [potion of mutation]
   938 | D:2      | Gained mutation: Your muscles are strong. (Str +2) [potion of mutation]
  1247 | D:2      | Reached XP level 4. HP: 33/38 MP: 5/5
  1594 | D:2      | Mangled by a gnoll

Skill      XL: |  1  2  3 |
---------------+----------+-----
Long Blades    | 3 4 |  4.8
Fighting       | |  3.2
Dodging        | |  2.1
Invocations    | |  2.1

Action                   |  1- 3 |  4- 6 || total
-------------------------+-------+-------++-------
Melee: Falchion          |    84 |    57 ||   141
       Tailslap          |    14 |    10 ||    24
 Abil: Evoke Berserk Rag |       |     1 ||     1
  Use: Scroll            |     2 |     2 ||     4
       Potion            |     2 |       ||     2
  Eat: Chunk             |     1 |     1 ||     2
Armor: Skin              |    18 |    15 ||    33
Dodge: Dodged            |    60 |    29 ||    89
       Rpst.: Falchion   |    17 |    16 ||    33
